 Dungeon Crawl Stone Soup version 0.31-a0-1388-g4b2ba238e7 (webtiles) character file.

Game seed: 4859634597416897441

27196 grandjackal the Fighter (level 13, -11/114 HPs)
             Began as a Demonspawn Gladiator on Dec 24, 2023.
             Was a High Priest of Trog.
             Mangled by a sun demon (15 damage)
             ... summoned by a kobold demonologist
             ... on level 12 of the Dungeon.
             The game lasted 00:16:12 (10479 turns).

grandjackal the Fighter (Demonspawn Gladiator)     Turns: 10479, Time: 00:16:12

Health: -11/114    AC: 14    Str: 14    XL:     13   Next: 3%
Magic:  13/13      EV: 22    Int:  9    God:    Trog [*****.]
Gold:   885        SH:  0    Dex: 20    Spells: 12/12 levels left

rFire   . . .        r - +2 scimitar (freeze)
rCold   + . .        (no shield)
rNeg    . . .        i - +0 ring mail
rPois   .            t - +0 hat {Will+}
rElec   +            (no cloak)
rCorr   .            J - +0 pair of gloves
SInv    .            D - +1 pair of boots
Will    ++++.        h - amulet of regeneration
Stlth   +            g - ring of protection from cold
HPRegen 2.19/turn    f - +5 ring of evasion
MPRegen 0.13/turn

%: no passive effects
@: about to teleport, strong-willed, regenerating, studying Fighting
A: thin metallic scales 3, ignite blood 1, demonic magic 2, demonic willpower,
weakness stinger 2
a: Renounce Religion, Berserk, Trog's Hand, Brothers in Arms


You were on level 12 of the Dungeon.
You worshipped Trog.
Trog was extremely pleased with you.
You visited 1 branch of the dungeon, and saw 12 of its levels.
You also visited: Sewer and Bailey.

You collected 885 gold pieces.

Inventory:

Hand Weapons
 j - a +3 short sword
 r - a +2 scimitar of freezing (weapon)
Missiles
 d - 2 throwing nets (quivered)
 e - 3 javelins
Armour
 c - a +0 helmet
 i - a +0 ring mail (worn)
 t - a +0 hat of willpower (worn)
 D - a +1 pair of boots (worn)
 J - a +0 pair of gloves (worn)
Jewellery
 f - a +5 ring of evasion (right hand)
 g - a ring of protection from cold (left hand)
 h - an amulet of regeneration (around neck)
 A - the ring "Urith" {rF- rC+ Str+5}
   (You found it on level 5 of the Dungeon)

   [ring of protection from cold]

   Str+5:     It affects your strength (+5).
   rF-:       It makes you vulnerable to fire.
   rC+:       It protects you from cold.
 E - a ring of protection from cold
 P - a ring of willpower
 R - a ring of ice
Wands
 F - a wand of flame (19)
 K - a wand of roots (8)
 O - a wand of polymorph (7)
 Q - a wand of paralysis (4)
Scrolls
 a - 2 scrolls of amnesia {unknown}
 b - 7 scrolls of teleportation
 k - 2 scrolls of enchant armour {unknown}
 n - a scroll of immolation
 o - a scroll of brand weapon {unknown}
 p - 4 scrolls of blinking
 q - 2 scrolls of revelation
 u - 2 scrolls of fear
 x - 3 scrolls of vulnerability {unknown}
 y - a scroll of enchant weapon
 z - a scroll of torment
 B - 3 scrolls of noise {unknown}
 G - a scroll of summoning
 H - a scroll of poison
Potions
 l - 4 potions of attraction
 m - 3 potions of curing
 s - 5 potions of heal wounds
 v - a potion of invisibility
 w - 3 potions of might
 C - a potion of enlightenment
 I - a potion of ambrosia
 L - a potion of cancellation
 M - a potion of resistance {unknown}
 N - a potion of degeneration {unknown}


   Skills:
 + Level 14.9 Fighting
 + Level 11.9 Long Blades
 - Level 2.1 Throwing
 - Level 7.0 Armour
 + Level 9.8 Dodging


You had 12 spell levels left.
You didn't know any spells.
Your spell library contained the following spells:

 Spells                   Type           Power      Damage    Failure   Level
 Apportation              Tloc           0%         N/A       58%         1
 Necrotise                Necr           0%         1d4       58%         1
 Sting                    Conj/Alch      0%         1d3       58%         1
 Summon Small Mammal      Summ           0%         N/A       58%         1


Dungeon Overview and Level Annotations

Branches:
Dungeon (12/15)            Temple (0/1) D:5            Lair (0/5) D:10
  Sewer (visited)          Bailey (visited)
    Orc: D:9-12

Altars:
Dithmenos
Fedhas
Makhleb
Nemelex Xobeh
Trog
Uskayaw
Xom
Yredelemnul

Shops:
D:7 ?   D:9 *   D:10 !:

Portals:
Trove: D:10 (give 5 potions of resistance)


Innate Abilities, Weirdness & Mutations

You are completely covered in thin metallic scales. (AC +4, rElec)
Your demonic aura sometimes causes spilled blood to erupt in flames.
Spells you cast may paralyse nearby enemies.
You punish those that try to bend your will. (Will+)
You have a tail ending in a sharp stinger.


Message History

The kobold demonologist mumbles some strange words.
Something hits you! Something barely misses you.
You hit something but do no damage.
Your tail-slap misses something.
Something hits you but does no damage. Something bites you but does no damage.
You slash something! You freeze something.
The white imp shouts, "Bolt, thou fawning knotty-pated pustule!"
Something draws life force from you.
The kobold demonologist begins to cast a cantrip, but forgets the words!
You slice something!! Trog accepts your kill.
Trog appreciates your killing of a magic user.
Reactivating autopickup.
You feel a bit more experienced.
You miss the kobold demonologist.
Your tail-slap misses the kobold demonologist.
The kobold demonologist casts a spell. x2
You slash the kobold demonologist! You freeze the kobold demonologist.
The kobold demonologist is heavily wounded.
The chaos spawn degenerates into a cloud of primal chaos!
You hit the kobold demonologist. You freeze the kobold demonologist.
You tail-slap the kobold demonologist, but do no damage.
The kobold demonologist is heavily wounded.
The hellwing closely misses you. x2
The kobold demonologist hits you but does no damage.
You slash the kobold demonologist! You freeze the kobold demonologist!
You kill the kobold demonologist!
Trog accepts your kill.
Trog appreciates your killing of a magic user.
The shadow imp disappears in a puff of smoke!
The hellwing disappears in a puff of smoke!
The kobold demonologist mumbles some strange words.
As you read the scroll of teleportation, it crumbles to dust.
You feel strangely unstable. The sun demon hits you!
* * * LOW HITPOINT WARNING * * *
You are engulfed in flames!!
* * * LOW HITPOINT WARNING * * *
The sun demon hits you!
* * * LOW HITPOINT WARNING * * *
You are engulfed in flames!
You die...

#.#................ ..
.....
#.#......#...##...##. .
.....
#.#................. ..
.....
#.#...........#....#...
.....
###.#....................
.....
#........................
.####
#####....##.....5........
#....##.#####4#####
#....##.#.@34)5KC{#
#....##.#ยง#######o#
#....'..#.# #o#
#....##.#.# #o#
#.........#ooo..'...#
#.......#.#.Kooo#.#..Cu
#.......#.#.#(#K#.##.#.#
#.......#.# # # #.# .# #
#.......#.. ..# .


You could see a sun demon (summoned), an orange demon (summoned), a cyclops, a
hellwing (summoned), a kobold demonologist, a white imp (summoned) and an orc
(strong).

Vanquished Creatures
  An orc warlord (D:12)
  3 two-headed ogres
  2 boulder beetles (D:12)
  An ugly thing (D:9)
  An orc knight (Bailey)
  A gargoyle (D:11)
  An unseen horror (D:11)
  2 komodo dragons (D:10)
  A kobold demonologist (D:12)
  4 trolls
  2 shadows
  A yak (shapeshifter) (D:11)
  5 wyverns
  29 yaks
  4 wraiths
  2 vampires
  2 steam dragons
  Menkaure (D:7)
  2 acid dragons
  A water moccasin (D:7)
  13 orc warriors
  An ice beast (D:6)
  2 ogres
  A black bear (D:7)
  5 centaurs
  4 kobold brigands
  2 bullfrogs (D:9)
  3 scorpions
  3 wights (D:10)
  25 killer bees
  5 howler monkeys
  6 hounds
  8 orc priests
  2 gnoll boudas
  2 jellies
  4 iguanas
  2 sleepcaps
  Terence (D:2)
  9 orc wizards
  15 gnolls
  12 adders
  A river rat (D:5)
  3 white imps
  7 worms
  6 dart slugs
  35 orcs
  7 ball pythons
  5 endoplasms
  4 giant cockroaches
  3 goblins
  8 hobgoblins
  A jackal (D:2)
  2 quokkas
  6 bats
  4 frilled lizards
  21 kobolds
  10 rats
314 creatures vanquished.

Vanquished Creatures (others)
  A goblin (D:1)
  A kobold (D:1)
2 creatures vanquished.

Grand Total: 316 creatures vanquished

Notes
Turn   | Place    | Note
-------+----------+-------------------------------------------
     0 | D:1      | grandjackal the Demonspawn Gladiator began the quest for
                  | the Orb.
     0 | D:1      | Reached XP level 1. HP: 16/16 MP: 1/1
   112 | D:1      | Gained mutation: You are partially covered in thin metallic
                  | scales. (AC +2) [demonic ancestry]
   112 | D:1      | Reached XP level 2. HP: 22/22 MP: 2/2
   553 | D:1      | Gained mutation: You are mostly covered in thin metallic
                  | scales. (AC +3) [demonic ancestry]
   553 | D:1      | Reached XP level 3. HP: 28/28 MP: 3/3
   664 | D:2      | Found a faded altar of an unknown god.
   697 | D:2      | Noticed Terence
   714 | D:2      | Killed Terence
   749 | D:2      | Gained mutation: You are completely covered in thin
                  | metallic scales. (AC +4, rElec) [demonic ancestry]
   749 | D:2      | Reached XP level 4. HP: 19/34 MP: 4/4
   757 | D:2      | Reached skill level 3 in Fighting
   893 | D:2      | Found a bloodstained altar of Trog.
   951 | D:2      | Became a worshipper of Trog the Wrathful
  1544 | D:3      | Found a hide-covered altar of Uskayaw.
  1574 | D:3      | Gained mutation: Spells you cast may paralyse adjacent
                  | enemies. [demonic ancestry]
  1574 | D:3      | Reached XP level 5. HP: 41/41 MP: 5/5
  1649 | D:3      | Found a basalt altar of Yredelemnul.
  1799 | D:3      | Found a bloodstained altar of Trog.
  2070 | D:4      | Reached * piety under Trog
  2323 | D:4      | Gained mutation: You have a small tail. [demonic ancestry]
  2323 | D:4      | Reached XP level 6. HP: 48/48 MP: 6/6
  2326 | D:4      | Reached skill level 4 in Fighting
  2926 | D:5      | Entered Level 5 of the Dungeon
  3011 | D:5      | Found a staircase to the Ecumenical Temple.
  3024 | D:5      | Found a burning altar of Makhleb.
  3086 | D:5      | Reached XP level 7. HP: 55/55 MP: 7/7
  3215 | D:5      | Found a blossoming altar of Fedhas.
  3391 | D:5      | Reached skill level 5 in Fighting
  3406 | D:5      | Reached skill level 5 in Long Blades
  3406 | D:5      | Reached skill level 5 in Dodging
  3444 | D:5      | Found a glowing drain.
  3452 | Sewer    | Entered a sewer
  3807 | D:5      | Reached ** piety under Trog
  3963 | D:5      | Gained mutation: Spells you cast may paralyse nearby
                  | enemies. [demonic ancestry]
  3963 | D:5      | Reached XP level 8. HP: 53/63 MP: 8/8
  4257 | D:5      | Identified the ring "Urith" {rF- rC+ Str+5}
  4597 | D:6      | Reached skill level 6 in Fighting
  5176 | D:7      | Found a shadowy altar of Dithmenos.
  5367 | D:7      | Reached skill level 1 in Armour
  5423 | D:7      | Noticed Menkaure
  5425 | D:7      | Killed Menkaure
  5473 | D:7      | Reached skill level 7 in Fighting
  5477 | D:7      | Reached XP level 9. HP: 53/72 MP: 9/9
  5551 | D:7      | Noticed a rust devil
  5551 | D:7      | Noticed a rust devil
  5762 | D:7      | Reached *** piety under Trog
  6018 | D:7      | Found Jairr's Magic Scroll Emporium.
  6504 | D:8      | Reached skill level 8 in Fighting
  6566 | D:8      | Identified the +0 robe of Polish {Will+ SInv Archmagi}
  6771 | D:8      | Reached XP level 10. HP: 82/82 MP: 10/10
  6775 | D:8      | Reached skill level 5 in Armour
  6838 | D:8      | Reached skill level 9 in Fighting
  6967 | D:8      | Found a sparkling altar of Nemelex Xobeh.
  7236 | D:9      | Found a shimmering altar of Xom.
  7237 | D:9      | Found a shimmering altar of Xom.
  7237 | D:9      | Found a shimmering altar of Xom.
  7238 | D:9      | Found a shimmering altar of Xom.
  7239 | D:9      | Found a shimmering altar of Xom.
  7301 | D:9      | Noticed a purple ugly thing
  7331 | D:9      | Killed a purple ugly thing
  7843 | D:9      | Found Qoppirac's Changing Room.
  7881 | D:9      | Reached skill level 10 in Fighting
  8088 | D:10     | Entered Level 10 of the Dungeon
  8196 | D:10     | Noticed a two-headed ogre
  8204 | D:10     | Killed a two-headed ogre
  8205 | D:10     | Gained mutation: Your demonic aura sometimes causes spilled
                  | blood to erupt in flames. [demonic ancestry]
  8205 | D:10     | Reached XP level 11. HP: 90/90 MP: 11/11
  8261 | D:10     | Found Fosei's Distillery.
  8327 | D:10     | Found Ygif's Book Shop.
  8365 | D:10     | Found a flagged portal.
  8371 | Bailey   | Entered a bailey
  8444 | Bailey   | Reached **** piety under Trog
  8681 | Bailey   | Noticed an orc knight
  8694 | Bailey   | Killed an orc knight
  8702 | Bailey   | Reached skill level 12 in Fighting
  8702 | Bailey   | Reached skill level 10 in Long Blades
  8702 | Bailey   | Gained mutation: You have a tail ending in a sharp stinger.
                  | [demonic ancestry]
  8702 | Bailey   | Reached XP level 12. HP: 82/103 MP: 12/12
  8889 | D:10     | Found a portal to a secret trove of treasure.
  9237 | D:10     | Found a staircase to the Lair.
  9410 | D:10     | Reached skill level 13 in Fighting
  9587 | D:11     | Noticed a two-headed ogre
  9596 | D:11     | Killed a two-headed ogre
  9797 | D:11     | Reached ***** piety under Trog
 10097 | D:12     | Noticed a boulder beetle
 10108 | D:12     | Reached skill level 14 in Fighting
 10121 | D:12     | Killed a boulder beetle
 10272 | D:12     | Noticed a boulder beetle
 10303 | D:12     | Killed a boulder beetle
 10406 | D:12     | Noticed an orc warlord
 10416 | D:12     | Noticed a two-headed ogre
 10427 | D:12     | Killed a two-headed ogre
 10469 | D:12     | Killed an orc warlord
 10470 | D:12     | Gained mutation: You punish those that try to bend your
                  | will. (Will+) [demonic ancestry]
 10470 | D:12     | Reached XP level 13. HP: 41/114 MP: 13/13
 10479 | D:12     | HP: 4/114 [sun demon[a kobold demonologist] (9)]
 10479 | D:12     | Mangled by a sun demon

Illustrated notes

Levels and vault maps discovered:
D:1:      lightli_iron_boxes, layout_basic
D:2:      layout_basic, basic_altar, nicolae_ecumenical_pavilion,
          minmay_circled_x, uniq_terence
D:3:      layout_rooms, mainiacjoe_overflow_small_starburst,
          overflow_temple_1_default, lemuel_coloured_pillars_altar
D:4:      layout_cave_pods, cheibrodos_gnoll_hut
D:5:      layout_basic, mainiacjoe_overflow_cross_hatched, bloody_makhleb,
          fedhas_bush_and_centaur_altar, minmay_temple_entry_overgrown,
          lightli_sewer_entry_pipes
D:6:      layout_cave_pods
D:7:      cheibrodos_iron_armory, layout_loops_corners,
          mainiacjoe_overflow_boulevard, serial_glass, glass_columns_a,
          glass_columns_a, serial_shops, shop, minmay_misc_feat_encased,
          minmay_misc_feat_plants, uniq_menkaure
D:8:      layout_cave_pools, minitemple
D:9:      layout_roguey, xom_redecorated, nicolae_transmutations_shop,
          lightli_fourway_metalbox
D:10:     layout_loops_ring, erik_lair_dragon, serial_shops, shop,
          nicolae_diamond_shop, enter_bailey_2, nicolae_trove_entry_free_sample
D:11:     layout_cave_pools
D:12:     minmay_the_grid_3x3 [minmay_the_grid_rooms, minmay_the_grid_garden,
          minmay_the_grid_armoury, minmay_the_grid_minigrid_small_alt,
          minmay_the_grid_small_cups, minmay_the_grid_diamond_grid,
          minmay_the_grid_all_tris, minmay_the_grid_aliased_spiral,
          minmay_the_grid_prize_inner_circle], layout_basic,
          kennysheep_orc_monster_closet_entryway,
          pdpol_wu_jian_five_deadly_venoms

Skill      XL: |  1  2  3  4  5  6  7  8  9 10 11 12 |
---------------+-------------------------------------+-----
Throwing       | 2 |  2.1
Dodging        | 3 4 5 6 8 9 |  9.8
Long Blades    | 3 4 5 6 8 9 10 11 | 11.9
Fighting       | 3 4 5 7 8 10 12 14 | 14.9
Armour         | 2 4 6 7 |  7.0

Action                     |  1- 3 |  4- 6 |  7- 9 | 10-12 | 13-15 || total
---------------------------+-------+-------+-------+-------+-------++-------
  Melee: Long sword        |    92 |   228 |   500 |   343 |       ||  1163
         Punch             |     1 |     1 |     7 |     7 |       ||    16
         Tailslap          |       |    13 |    71 |   108 |     2 ||   194
         Scimitar          |       |       |       |   213 |     9 ||   222
  Throw: Throwing net      |       |       |       |     2 |       ||     2
 Invoke: Berserk           |       |     2 |    10 |     6 |       ||    18
         Trog's Hand       |       |       |       |     3 |       ||     3
  Evoke: Wand              |       |       |       |     4 |       ||     4
    Use: Potion            |       |     2 |       |     1 |       ||     3
         Scroll            |       |     8 |       |     9 |     1 ||    18
   Stab: Sleeping          |     1 |       |       |       |       ||     1
         Held in net/web   |       |       |       |     2 |       ||     2
 Armour: Leather armour    |    29 |       |       |       |       ||    29
         Ring mail         |    41 |   166 |   259 |   286 |     6 ||   758
  Dodge: Dodged            |    58 |   160 |   490 |   495 |     3 ||  1206

Table legend: (Time is in decaauts)
 A = Elapsed time spent in this place.
 B = Non-inter-level travel time spent in this place.
 C = Inter-level travel time spent in this place.
 D = Time resting spent in this place.
 E = Time spent auto-exploring this place.
 F = Levels seen in this place.
 G = Mean time per level.
                   A        B        C        D        E       F      G
               +--------+--------+--------+--------+--------+-----+--------+
         Total |  10823 |  10548 |    275 |   1145 |   6378 |  14 |  773.1 |
       Dungeon |  10069 |   9794 |    275 |   1086 |   6147 |  12 |  839.1 |
         Sewer |    368 |    368 |      0 |      0 |    188 |   1 |  368.0 |
        Bailey |    385 |    385 |      0 |     59 |     42 |   1 |  385.0 |
               +--------+--------+--------+--------+--------+-----+--------+

Top non-repeatable levels by time:
     D:5: 1234 daAuts
     D:7: 1233 daAuts
    D:10: 1081 daAuts
     D:4: 962 daAuts
     D:8: 929 daAuts
     D:2: 922 daAuts
     D:9: 859 daAuts
     D:6: 781 daAuts
     D:1: 681 daAuts
    D:11: 545 daAuts
     D:3: 431 daAuts
    D:12: 405 daAuts
  Bailey: 385 daAuts
   Sewer: 368 daAuts
